 Dungeon Crawl Stone Soup version 0.29.0-4-gdea44cf6ec (webtiles) character file.

Game seed: 12704335339511452133

4114 qw the Cleaver (level 10, -2/60 HPs)
             Began as a Tengu Warper on Aug 28, 2022.
             Was a Priest of Okawaru.
             Slain by a six-headed hydra (10 damage)
             ... on level 1 of the Lair of Beasts.
             The game lasted 00:01:03 (10221 turns).

qw the Cleaver (Tengu Warper)                      Turns: 10221, Time: 00:01:03

Health: -2/60      AC: 16    Str: 27    XL:     10   Next: 26%
Magic:  13/14      EV: 14    Int:  9    God:    Okawaru [***...]
Gold:   476        SH:  0    Dex: 13    Spells: 13/13 levels left

rFire   . . .      SeeInvis .   k - +0 morningstar
rCold   . . .      Faith    .   (no shield)
rNeg    . . .      Spirit   .   u - +5 chain mail of Parts Unknown {rElec Regen+ Str+4 Int-4}
rPois   .          Reflect  .   (helmet restricted)
rElec   +          Harm     .   (no cloak)
rCorr   .          Rampage  .   (no gloves)
Will    +....                   (boots unavailable)
Stlth   ..........              n - amulet of the acrobat
HPRegen 1.00/turn               s - +6 ring of strength
MPRegen 0.14/turn               v - ring of willpower

@: heroic, flying quickly and evasively, quick
A: beak, talons 3, nimble flight
a: Renounce Religion, Heroism


You were on level 1 of the Lair of Beasts.
You worshipped Okawaru.
Okawaru was most pleased with you.
You visited 3 branches of the dungeon, and saw 10 of its levels.

You collected 476 gold pieces.


Innate Abilities, Weirdness & Mutations

You have a beak for a mouth.
You have claws for feet.
Your magical nature lets you fly swiftly and evasively.


   Skills:
 - Level 6.0(11.0) Fighting
 - Level 12.4(17.4) Axes
 - Level 2.0(7.0) Throwing
 - Level 5.1(10.1) Armour
 + Level 3.2(8.2) Dodging
 - Level 2.0 Spellcasting
 - Level 2.4 Translocations
 - Level 4.0 Invocations


You had 13 spell levels left.
You didn't know any spells.
Your spell library contained the following spells:

 Spells                   Type           Power      Damage    Failure   Level
 Blink                    Tloc           10%        N/A       65%         2
 Gell's Gravitas          Tloc           5%         N/A       86%         3
 Lesser Beckoning         Tloc           5%         N/A       86%         3
 Teleport Other           Tloc           5%         N/A       86%         3
 Manifold Assault         Tloc           5%         N/A       100%        5

Inventory:

Hand Weapons
 k - a +0 morningstar (weapon)
 Y - a +1 war axe
Missiles
 d - 7 boomerangs
 f - a silver boomerang (quivered)
 j - 6 boomerangs of dispersal
Armour
 a - the +0 hat "Xaapaomavabb" {rF- rC+ rN+}
   (You acquired it on level 3 of the Dungeon)

   rF:        It makes you vulnerable to fire.
   rC:        It protects you from cold.
   rN:        It protects you from negative energy.
 u - the +5 chain mail of Parts Unknown (worn) {rElec Regen+ Str+4 Int-4}
   (You found it on level 8 of the Dungeon)

   Str:       It affects your strength (+4).
   Int:       It affects your intelligence (-4).
   rElec:     It insulates you from electricity.
   Regen:     It increases your rate of health regeneration.
Jewellery
 e - an amulet of regeneration
 i - a ring of fire
 n - an amulet of the acrobat (around neck)
 s - a +6 ring of strength (left hand)
 v - a ring of willpower (right hand)
Scrolls
 b - a scroll of identify
Potions
 c - 3 potions of mutation
 g - a potion of resistance
 h - a potion of magic
 l - a potion of curing
 p - a potion of cancellation {unknown}
 r - a potion of heal wounds {unknown}
 t - a potion of brilliance {unknown}

Dungeon Overview and Level Annotations

Branches:
Dungeon (8/15)             Temple (1/1) D:4            Lair (1/5) D:8

Altars:
Ashenzari
Cheibriados
Dithmenos
Elyvilon
Fedhas
Hepliaklqana
Makhleb
Nemelex Xobeh
Okawaru
Qazlal
Ru
Sif Muna
Uskayaw
Vehumet
Wu Jian
Xom
Yredelemnul
Zin
The Shining One

Portals:
Abyss: D:7

Annotations:
D:7 2 transporters, qw's ghost, novice TeWr


Message History

A six-headed hydra is nearby!
A six-headed hydra is nearby!
10213 ||| Stepping randomly (stuck).
A polar bear comes into view.
10214 ||| INVOKING Heroism.
You gain the combat prowess of a mighty hero.
The polar bear growls angrily.
Throw: boomerang (silver)
Press: ? - help, Q - select action, (/) - cycle Shift-Dir - straight line, f - six-headed hydra You throw a silver boomerang.
The silver boomerang hits the six-headed hydra!
The six-headed hydra is moderately wounded.
10216 ||| SWAPPING to +0 morningstar.
k - a +0 morningstar (weapon)
Throw: boomerang (silver)
Press: ? - help, Q - select action, (/) - cycle Shift-Dir - straight line, f/p - six-headed hydra You throw a silver boomerang.
The silver boomerang barely misses the six-headed hydra.
You completely miss the six-headed hydra.
Your kick misses the six-headed hydra.
The six-headed hydra is moderately wounded.
The six-headed hydra bites you!
The six-headed hydra bites you but does no damage.
The six-headed hydra misses you. The six-headed hydra bites you!
The six-headed hydra misses you. The six-headed hydra barely misses you.
You puncture the six-headed hydra! You peck the six-headed hydra.
You punch the six-headed hydra.
The six-headed hydra is heavily wounded.
The six-headed hydra bites you. x2; The six-headed hydra bites you!
The six-headed hydra misses you.
The six-headed hydra bites you but does no damage.
The six-headed hydra bites you!
You bludgeon the six-headed hydra!! You claw the six-headed hydra.
The six-headed hydra is almost dead.
The six-headed hydra misses you.
The six-headed hydra bites you but does no damage.
The six-headed hydra bites you!
The six-headed hydra closely misses you.
The six-headed hydra misses you. The six-headed hydra bites you!
You die...

....P.#......./..#
....###..........#
.... ...........#
.... ...........#
.... ..........#
..#....).##
..........#
.........##
......h.@#
....#.##D#
....#~~#.#
....#~~..#
....#.#..#
........#
........#
........#
..#...###


You could see a six-headed hydra and a polar bear.

Vanquished Creatures
  Maggie (D:7)
  6 yaks
  A steam dragon (D:8)
  2 water moccasins
  An ice beast (D:4)
  A black bear (D:5)
  2 orc warriors (D:7)
  A sky beast (D:7)
  3 centaurs
  A phantom (D:4)
  2 kobold brigands
  5 bullfrogs
  5 scorpions
  3 wights (D:8)
  A howler monkey (D:8)
  A jelly (D:8)
  3 hounds
  5 orc priests
  A gnoll bouda (D:6)
  Jessica (D:3)
  8 orc wizards
  Ijyb (D:5)
  3 iguanas
  6 gnolls
  9 adders
  A worm (D:3)
  2 dart slugs (D:3)
  47 orcs
  5 bats
  4 endoplasms
  3 giant cockroaches
  6 goblins
  5 hobgoblins
  7 jackals
  2 quokkas
  A ball python (D:1)
  A frilled lizard (D:1)
  14 kobolds
  5 rats
176 creatures vanquished.

Notes
Turn   | Place    | Note
-------+----------+-------------------------------------------
     0 | D:1      | qw the Tengu Warper began the quest for the Orb.
     0 | D:1      | Reached XP level 1. HP: 12/12 MP: 4/4
     0 | D:1      | 0 ||| qw: Version: 0.1-a-89-g26bdef1
     0 | D:1      | 0 ||| qw: Game counter: 2506
     0 | D:1      | 0 ||| qw: Always use a shield: true
     0 | D:1      | 0 ||| qw: God list: Okawaru
     0 | D:1      | 0 ||| qw: Allow faded altars: false
     0 | D:1      | 0 ||| qw: Do Orc after D:15 true
     0 | D:1      | 0 ||| qw: Do second Lair branch before Depths: true
     0 | D:1      | 0 ||| qw: Lair rune preference: random
     0 | D:1      | 0 ||| qw: Plans: Normal
     0 | D:1      | 0 ||| PLANNING D:1-11
   113 | D:1      | HP: 1/12 [kobold/+0 whip (5)]
   482 | D:1      | Reached XP level 2. HP: 13/17 MP: 6/6
   568 | D:1      | Reached skill level 3 in Axes
  1174 | D:1      | 1174 ||| UPGRADING to +0 ring mail.
  1184 | D:1      | 1184 ||| DROPPING +0 leather armour.
  1185 | D:1      | 1185 ||| READING scroll labelled HEREMA FUOTA.
  1189 | D:1      | 1189 ||| READING scroll labelled QOLER MIGAUM.
  1190 | D:1      | 1190 ||| READING scroll labelled WANUL KOHYAHE.
  1191 | D:1      | 1191 ||| DROPPING scroll of blinking.
  1222 | D:2      | 1222 ||| Stepping ~*~*~tactically~*~*~ (hiding).
  1493 | D:2      | 1493 ||| Stepping ~*~*~tactically~*~*~ (hiding).
  1494 | D:2      | 1494 ||| Stepping ~*~*~tactically~*~*~ (hiding).
  1500 | D:2      | Reached XP level 3. HP: 18/21 MP: 7/7
  1503 | D:2      | HP: 5/21 [orc/+0 war axe (7)]
  1504 | D:2      | Reached skill level 4 in Axes
  1504 | D:2      | 1504 ||| READING scroll of teleportation.
  1844 | D:2      | 1844 ||| SWAPPING to +0 war axe.
  1845 | D:2      | 1845 ||| DROPPING +0 hand axe.
  1877 | D:2      | Found a faded altar of an unknown god.
  1924 | D:2      | Reached XP level 4. HP: 26/26 MP: 8/8
  2017 | D:3      | 2017 ||| FLEEEEING.
  2018 | D:3      | 2018 ||| STAIRDANCE
  2149 | D:3      | Reached skill level 5 in Axes
  2255 | D:3      | 2255 ||| FLEEEEING.
  2256 | D:3      | 2256 ||| FLEEEEING.
  2257 | D:3      | 2257 ||| STAIRDANCE
  2318 | D:3      | 2318 ||| STAIRDANCE
  2342 | D:3      | 2342 ||| STAIRDANCE
  2453 | D:2      | 2453 ||| DROPPING +0 whip.
  2454 | D:2      | 2454 ||| UPGRADING to +0 scale mail.
  2464 | D:2      | 2464 ||| DROPPING +0 ring mail.
  2468 | D:3      | 2468 ||| STAIRDANCE
  2695 | D:3      | 2695 ||| Stepping ~*~*~tactically~*~*~ (hiding).
  2700 | D:3      | 2700 ||| Stepping ~*~*~tactically~*~*~ (hiding).
  2718 | D:3      | 2718 ||| Stepping ~*~*~tactically~*~*~ (hiding).
  2780 | D:3      | Noticed Jessica
  2781 | D:3      | 2781 ||| Stepping ~*~*~tactically~*~*~ (hiding).
  2782 | D:3      | 2782 ||| Stepping ~*~*~tactically~*~*~ (hiding).
  2789 | D:3      | Killed Jessica
  2790 | D:3      | Gained mutation: Your magical nature lets you fly swiftly
                  | and evasively. [Tengu growth]
  2790 | D:3      | Reached XP level 5. HP: 11/30 MP: 9/9
  3010 | D:3      | Found a radiant altar of Vehumet.
  3075 | D:3      | Reached skill level 6 in Axes
  3249 | D:3      | 3249 ||| UPGRADING to +0 chain mail of fire resistance.
  3259 | D:3      | 3259 ||| DROPPING +0 scale mail.
  3260 | D:3      | 3260 ||| UPGRADING to amulet of the acrobat.
  3265 | D:3      | 3265 ||| UPGRADING to +6 ring of strength.
  3266 | D:3      | 3266 ||| READING scroll labelled KETWIZ KUMO.
  3267 | D:3      | 3267 ||| READING scroll labelled IMPAENA NIMEIF.
  3268 | D:3      | 3268 ||| READING scroll labelled FOCHABESEU.
  3269 | D:3      | 3269 ||| READING scroll labelled SESEMMUIRGH.
  3270 | D:3      | 3270 ||| READING scroll labelled MULEHISIPO.
  3270 | D:3      | Identified a scroll of acquirement
  3270 | D:3      | 3270 ||| ACQUIRING +0 hat "Xaapaomavabb" {rF- rC+ rN+}
  3270 | D:3      | Acquired the +0 hat "Xaapaomavabb" {rF- rC+ rN+}
  3272 | D:3      | 3272 ||| UPGRADING to +0 hat "Xaapaomavabb" {rF- rC+ rN+}.
  3277 | D:3      | 3277 ||| READING 4 scrolls of identify.
  3277 | D:3      | 3277 ||| IDENTIFYING fizzy green potion
  3278 | D:3      | 3278 ||| READING 3 scrolls of identify.
  3278 | D:3      | 3278 ||| IDENTIFYING sedimented yellow potion
  3279 | D:3      | 3279 ||| READING 2 scrolls of identify.
  3279 | D:3      | 3279 ||| IDENTIFYING pink potion
  3280 | D:3      | 3280 ||| DROPPING potion of ambrosia.
  3281 | D:3      | 3281 ||| DROPPING potion of flight.
  3296 | D:4      | Found a hazy altar of Hepliaklqana.
  3445 | D:4      | Found a staircase to the Ecumenical Temple.
  3446 | D:4      | 3446 ||| PLANNING TEMPLE
  3446 | D:4      | 3446 ||| READING scroll labelled TIOR ZITSA.
  3489 | D:4      | 3489 ||| FLEEEEING.
  3492 | D:4      | 3492 ||| STAIRDANCE
  3562 | D:3      | 3562 ||| READING 2 scrolls of identify.
  3562 | D:3      | 3562 ||| IDENTIFYING puce potion
  3563 | D:3      | 3563 ||| DROPPING potion of invisibility.
  3807 | D:4      | Reached XP level 6. HP: 18/35 MP: 10/10
  4008 | Temple   | Entered the Ecumenical Temple
  4045 | Temple   | Became a worshipper of Warmaster Okawaru
  4195 | Temple   | 4195 ||| PLANNING D:1-11
  4246 | D:4      | Noticed an ice beast
  4257 | D:4      | Killed an ice beast
  4258 | D:4      | Reached skill level 7 in Axes
  4554 | D:4      | Reached skill level 3 in Fighting
  5067 | D:4      | Reached XP level 7. HP: 34/41 MP: 11/11
  5223 | D:4      | 5223 ||| DRINKING 2 white potions.
  5224 | D:4      | 5224 ||| READING 2 scrolls of identify.
  5224 | D:4      | 5224 ||| IDENTIFYING orange potion
  5282 | D:5      | Entered Level 5 of the Dungeon
  5288 | D:5      | 5288 ||| Stepping ~*~*~tactically~*~*~ (stealth).
  5343 | D:5      | 5343 ||| Stepping ~*~*~tactically~*~*~ (hiding).
  5487 | D:5      | Reached * piety under Okawaru
  5488 | D:5      | Reached skill level 8 in Axes
  5570 | D:5      | 5570 ||| Stepping ~*~*~tactically~*~*~ (hiding).
  5581 | D:5      | 5581 ||| Stepping ~*~*~tactically~*~*~ (stealth).
  5602 | D:5      | 5602 ||| Stepping ~*~*~tactically~*~*~ (stealth).
  5603 | D:5      | 5603 ||| Stepping ~*~*~tactically~*~*~ (stealth).
  5604 | D:5      | 5604 ||| Stepping ~*~*~tactically~*~*~ (stealth).
  5610 | D:5      | 5610 ||| INVOKING Heroism.
  5613 | D:5      | Reached skill level 1 in Invocations
  5615 | D:5      | 5615 ||| Stepping ~*~*~tactically~*~*~ (hiding).
  5808 | D:5      | Noticed Ijyb
  5809 | D:5      | 5809 ||| INVOKING Heroism.
  5821 | D:5      | Killed Ijyb
  5826 | D:5      | Reached skill level 9 in Axes
  5826 | D:5      | Reached XP level 8. HP: 15/46 MP: 10/12
  5826 | D:5      | 5826 ||| INVOKING Heroism.
  5875 | D:5      | 5875 ||| FLEEEEING.
  5876 | D:5      | 5876 ||| FLEEEEING.
  5877 | D:5      | 5877 ||| FLEEEEING.
  5878 | D:5      | 5878 ||| FLEEEEING.
  5879 | D:5      | 5879 ||| FLEEEEING.
  5880 | D:5      | 5880 ||| FLEEEEING.
  5881 | D:5      | 5881 ||| FLEEEEING.
  5882 | D:5      | 5882 ||| FLEEEEING.
  5883 | D:5      | 5883 ||| FLEEEEING.
  5884 | D:5      | 5884 ||| FLEEEEING.
  5885 | D:5      | 5885 ||| FLEEEEING.
  5886 | D:5      | 5886 ||| FLEEEEING.
  5887 | D:5      | 5887 ||| FLEEEEING.
  5890 | D:5      | 5890 ||| Stepping ~*~*~tactically~*~*~ (stealth).
  5891 | D:5      | 5891 ||| Stepping ~*~*~tactically~*~*~ (stealth).
  5892 | D:5      | 5892 ||| FLEEEEING.
  5893 | D:5      | 5893 ||| INVOKING Heroism.
  5894 | D:5      | 5894 ||| INVOKING Heroism.
  5901 | D:5      | HP: 8/46 [orc/+0 trident (4)]
  5905 | D:5      | HP: 2/46 [orc/+0 trident (7)]
  5926 | D:5      | 5926 ||| FLEEEEING.
  5928 | D:5      | 5928 ||| STAIRDANCE
  6229 | D:5      | 6229 ||| Stepping ~*~*~tactically~*~*~ (stealth).
  6233 | D:5      | 6233 ||| Stepping ~*~*~tactically~*~*~ (stealth).
  6377 | D:5      | Found a blossoming altar of Fedhas.
  6381 | D:5      | Found a shimmering altar of Xom.
  6381 | D:5      | Found a basalt altar of Yredelemnul.
  6394 | D:5      | Found a snail-covered altar of Cheibriados.
  6397 | D:5      | Found a glowing golden altar of the Shining One.
  6498 | D:5      | 6498 ||| Stepping ~*~*~tactically~*~*~ (hiding).
  6505 | D:5      | Reached skill level 3 in Invocations
  6505 | D:5      | 6505 ||| INVOKING Heroism.
  6695 | D:5      | 6695 ||| READING scroll labelled JEH XUURIEXZOUQ.
  6763 | D:6      | 6763 ||| INVOKING Heroism.
  6789 | D:6      | 6789 ||| FLEEEEING.
  6791 | D:6      | 6791 ||| STAIRDANCE
  6967 | D:6      | 6967 ||| DROPPING +0 flail.
  6978 | D:6      | Found a sparkling altar of Nemelex Xobeh.
  6990 | D:6      | 6990 ||| Stepping ~*~*~tactically~*~*~ (stealth).
  6992 | D:6      | 6992 ||| Stepping ~*~*~tactically~*~*~ (stealth).
  7004 | D:6      | Reached skill level 3 in Armour
  7117 | D:6      | 7117 ||| Stepping ~*~*~tactically~*~*~ (stealth).
  7336 | D:6      | 7336 ||| DRINKING 2 bubbling puce potions.
  7400 | D:7      | 7400 ||| PLANNING OSSUARY
  7400 | D:7      | 7400 ||| INVOKING Heroism.
  7401 | D:7      | 7401 ||| STAIRDANCE
  7511 | D:7      | 7511 ||| STAIRDANCE
  7645 | D:7      | Reached skill level 10 in Axes
  7645 | D:7      | Reached XP level 9. HP: 50/52 MP: 13/13
  7667 | D:7      | Reached skill level 3 in Dodging
  7710 | D:7      | 7710 ||| INVOKING Heroism.
  7714 | D:7      | Reached ** piety under Okawaru
  7930 | D:7      | Noticed qw's ghost (novice TeWr)
  7931 | D:7      | Found a one-way gate to the infinite horrors of the Abyss.
  7941 | D:7      | Noticed a toenail golem
  7943 | D:7      | Found a transporter.
  7946 | D:7      | Noticed a green ugly thing
  7951 | D:7      | Found a transporter.
  8000 | D:7      | 8000 ||| FLEEEEING.
  8001 | D:7      | 8001 ||| FLEEEEING.
  8002 | D:7      | 8002 ||| FLEEEEING.
  8009 | D:7      | 8009 ||| INVOKING Heroism.
  8030 | D:7      | Reached skill level 11 in Axes
  8091 | D:7      | 8091 ||| RIP OSSUARY
  8154 | D:7      | 8154 ||| PLANNING D:1-11
  8392 | D:7      | Noticed Maggie
  8402 | D:7      | 8402 ||| INVOKING Heroism.
  8404 | D:7      | Killed Maggie
  8594 | D:7      | 8594 ||| UPGRADING to +0 plate armour.
  8604 | D:7      | 8604 ||| REMOVING +0 hat "Xaapaomavabb" {rF- rC+ rN+}.
  8609 | D:7      | 8609 ||| READING 3 scrolls of identify.
  8609 | D:7      | 8609 ||| IDENTIFYING smoky blue potion
  8610 | D:7      | 8610 ||| READING 2 scrolls of identify.
  8610 | D:7      | 8610 ||| IDENTIFYING lumpy cyan potion
  8611 | D:7      | 8611 ||| DROPPING potion of degeneration.
  8612 | D:7      | 8612 ||| DROPPING potion of attraction.
  8653 | D:6      | 8653 ||| INVOKING Heroism.
  8657 | D:6      | 8657 ||| Stepping ~*~*~tactically~*~*~ (hiding).
  8661 | D:6      | 8661 ||| Stepping ~*~*~tactically~*~*~ (hiding).
  8746 | D:6      | 8746 ||| Stepping ~*~*~tactically~*~*~ (stealth).
  8840 | D:6      | 8840 ||| Stepping ~*~*~tactically~*~*~ (stealth).
  8918 | D:8      | 8918 ||| INVOKING Heroism.
  8919 | D:8      | 8919 ||| STAIRDANCE
  8938 | D:8      | Reached *** piety under Okawaru
  8965 | D:8      | 8965 ||| Stepping ~*~*~tactically~*~*~ (hiding).
  8974 | D:8      | Reached XP level 10. HP: 56/59 MP: 14/14
  9042 | D:8      | Reached skill level 12 in Axes
  9167 | D:8      | 9167 ||| Stepping ~*~*~tactically~*~*~ (hiding).
  9169 | D:8      | 9169 ||| Stepping ~*~*~tactically~*~*~ (hiding).
  9171 | D:8      | 9171 ||| Stepping ~*~*~tactically~*~*~ (hiding).
  9172 | D:8      | 9172 ||| Stepping ~*~*~tactically~*~*~ (hiding).
  9255 | D:8      | 9255 ||| Stepping ~*~*~tactically~*~*~ (stealth).
  9256 | D:8      | 9256 ||| Stepping ~*~*~tactically~*~*~ (stealth).
  9257 | D:8      | 9257 ||| Stepping ~*~*~tactically~*~*~ (stealth).
  9259 | D:8      | 9259 ||| INVOKING Heroism.
  9328 | D:8      | Found a staircase to the Lair.
  9393 | D:8      | 9393 ||| Stepping ~*~*~tactically~*~*~ (cloud).
  9396 | D:8      | 9396 ||| INVOKING Heroism.
  9397 | D:8      | 9397 ||| READING scroll labelled WIRUNI IHIEDI.
  9400 | D:8      | HP: 11/60 [steam dragon/ball of steam (13)]
  9405 | D:8      | Reached skill level 6 in Fighting
  9405 | D:8      | 9405 ||| Stepping ~*~*~tactically~*~*~ (cloud).
  9406 | D:8      | 9406 ||| Stepping ~*~*~tactically~*~*~ (cloud).
  9769 | D:8      | 9769 ||| INVOKING Heroism.
  9953 | D:8      | Identified the +5 chain mail of Parts Unknown {rElec Regen+
                  | Str+4 Int-4}
 10119 | D:8      | 10119 ||| PLANNING LAIR
 10119 | D:8      | 10119 ||| DROPPING +0 chain mail of fire resistance.
 10120 | D:8      | 10120 ||| UPGRADING to +5 chain mail of Parts Unknown
                  | {rElec Regen+ Str+4 Int-4}.
 10130 | D:8      | 10130 ||| DROPPING +0 plate armour.
 10131 | D:8      | 10131 ||| UPGRADING to ring of willpower.
 10132 | D:8      | 10132 ||| READING 2 scrolls of identify.
 10132 | D:8      | 10132 ||| IDENTIFYING amethyst potion
 10133 | D:8      | 10133 ||| DROPPING potion of berserk rage.
 10181 | Lair:1   | Entered Level 1 of the Lair of Beasts
 10210 | Lair:1   | Noticed a six-headed hydra
 10211 | Lair:1   | 10211 ||| Stepping randomly (stuck).
 10212 | Lair:1   | 10212 ||| Stepping randomly (stuck).
 10213 | Lair:1   | 10213 ||| Stepping randomly (stuck).
 10214 | Lair:1   | 10214 ||| INVOKING Heroism.
 10216 | Lair:1   | 10216 ||| SWAPPING to +0 morningstar.
 10221 | Lair:1   | HP: 8/60 [six-headed hydra (13)]
 10221 | Lair:1   | Slain by a six-headed hydra

Levels and vault maps discovered:
D:1:      minmay_arrival_semitransparent, layout_loops_ring, grunt_decor_cap
D:2:      layout_basic, chequers_ecumenical_altar_island
D:3:      layout_rooms, nicolae_vehumet_radiance, minmay_crystal_room,
          uniq_jessica
D:4:      layout_basic, lemuel_round_altar, minmay_temple_entry_statues
D:5:      layout_cave_pools, minmay_overflow_temple_star_hex,
          kennysheep_diamond, uniq_ijyb
D:6:      layout_basic, general_overflow_altar
D:7:      layout_rooms, enter_ossuary_1, gammafunk_ghost_abyssal_escape,
          uniq_maggie
D:8:      layout_gridville, lair_entry_dummy
Temple:   grunt_temple_mini_profane
Lair:1:   layout_gridlike, beast_lair_carwin_10, grunt_megastairs_2

Skill      XL: |  1  2  3  4  5  6  7  8  9 10 |
---------------+-------------------------------+-----
Axes           | 3 4 5 6 7 9 10 11 12 | 12.4
Armour         | 2 3 5 |  5.1
Fighting       | 3 4 5 6 |  6.0
Invocations    | 2 4 |  4.0
Dodging        | 3 |  3.2
Throwing       | 2 |  2.0
Spellcasting   | |  2.0
Translocations | |  2.4

Action                   |  1- 3 |  4- 6 |  7- 9 | 10-12 || total
-------------------------+-------+-------+-------+-------++-------
Melee: Hand axe          |    63 |       |       |       ||    63
       Kick              |    14 |    21 |    60 |    14 ||   109
       Peck              |     3 |     9 |    25 |     5 ||    42
       Punch             |     1 |       |     3 |     3 ||     7
       War axe           |     4 |    98 |   246 |    31 ||   379
       Morningstar       |       |       |       |     3 ||     3
Throw: Boomerang         |     7 |    39 |    55 |     8 ||   109
Invok: Heroism           |       |       |    12 |     4 ||    16
  Use: Scroll            |     4 |    10 |     4 |     2 ||    20
       Potion            |       |       |     2 |       ||     2
Armor: Leather armour    |    13 |       |       |       ||    13
       Ring mail         |    10 |     6 |       |       ||    16
       Scale mail        |       |    18 |       |       ||    18
       Chain mail        |       |    20 |    96 |     3 ||   119
       Plate armour      |       |       |    22 |    13 ||    35
Dodge: Dodged            |    28 |    55 |   132 |    25 ||   240

Table legend:
 A = Non-vault XP
 B = Vault XP
 C = Vault XP percentage of total XP
 D = Non-vault monster count
 E = Vault monster count
 F = Vault count percentage of total count
                 A         B        C        D         E       F
            +---------+---------+-------+---------+---------+-------
      Total |    5323 |     555 |   9.4 |     171 |       5 |   2.8
            +---------+---------+-------+---------+---------+-------
        D:1 |      23 |       0 |   0.0 |      16 |       0 |   0.0
        D:2 |      74 |       0 |   0.0 |      16 |       0 |   0.0
        D:3 |     122 |      37 |  23.3 |      18 |       1 |   5.3
        D:4 |     451 |       0 |   0.0 |      23 |       0 |   0.0
        D:5 |     774 |      94 |  10.8 |      28 |       3 |   9.7
        D:6 |     916 |       0 |   0.0 |      34 |       0 |   0.0
        D:7 |    1568 |     424 |  21.3 |      21 |       1 |   4.5
        D:8 |    1395 |       0 |   0.0 |      15 |       0 |   0.0
            +---------+---------+-------+---------+---------+-------
